 Dungeon Crawl Stone Soup version 0.18-a0-1057-g88203af (console) character file.

165 FIQ the Skirmisher (level 5, -8/42 HPs)
             Began as a Demonspawn Monk on Jan 12, 2016.
             Mangled by FIQ's ghost (10 damage)
             ... on level 3 of the Dungeon.
             The game lasted 00:05:21 (3645 turns).

FIQ the Skirmisher (Demonspawn Monk)                Turns: 3645, Time: 00:05:22

Health: -8/42      AC:  3    Str: 11    XL:     5   Next: 22%
Magic:  5/5        EV: 14    Int: 11    God:
Gold:   95         SH:  0    Dex: 17    Spells: 0 memorised, 4 levels left

rFire  . . .     SeeInvis .     f - +0 whip
rCold  . . .     Gourm    .     a - +0 robe
rNeg   . . .     Faith    .     (no shield)
rPois  .         Spirit   .     (no helmet)
rElec  .         Dismiss  .     (no cloak)
rCorr  .         Reflect  .     k - +0 pair of gloves
SustAt .         Harm     .     (no boots)
MR     .....                    (no amulet)
Stlth  +++.......               (no ring)
                                (no ring)

@: not resistant to hostile enchantments, fairly stealthy
A: nightstalker 1, powered by pain 1
a: no special abilities


You were on level 3 of the Dungeon.
You were not hungry.

You visited 1 branch of the dungeon, and saw 3 of its levels.

You collected 95 gold pieces.

Inventory:

Hand Weapons
 f - a +0 whip (weapon)
Armour
 a - a +0 robe (worn)
 k - a +0 pair of gloves (worn)
Scrolls
 e - 2 scrolls of enchant armour
 g - 5 scrolls of identify
 o - a scroll of blinking {unknown}
Potions
 c - 2 potions of flight
Comestibles
 b - 2 bread rations
 h - a royal jelly
 j - a meat ration


   Skills:
 + Level 3.8 Fighting
 * Level 3.1 Maces & Flails
 + Level 3.6 Dodging
 - Level 1.7 Stealth
 - Level 3.6 Unarmed Combat


You had 4 spell levels left.
You didn't know any spells.

Dungeon Overview and Level Annotations

Branches:
Dungeon (3/15)

Altars:

Annotations:
D:3 FIQ's ghost, amateur FoMo


Innate Abilities, Weirdness & Mutations

You are slightly more attuned to the shadows.
You sometimes gain a little power by taking damage.


Message History

You hit FIQ's ghost but do no damage. FIQ's ghost hits you!
You closely miss FIQ's ghost. FIQ's ghost hits you.
You barely miss FIQ's ghost. FIQ's ghost hits you!
You closely miss FIQ's ghost. FIQ's ghost closely misses you.
You hit FIQ's ghost but do no damage. FIQ's ghost hits you!
* * * LOW HITPOINT WARNING * * *
You are too injured to fight recklessly!
You are too injured to fight recklessly!
You are too injured to fight recklessly!
You are too injured to fight recklessly!
You are too injured to fight recklessly!
You are too injured to fight recklessly!
You are too injured to fight recklessly!
You hit FIQ's ghost but do no damage. FIQ's ghost hits you.
* * * LOW HITPOINT WARNING * * *
You barely miss FIQ's ghost. FIQ's ghost closely misses you.
You closely miss FIQ's ghost.
FIQ's ghost screams, "There is no future for me!"
FIQ's ghost hits you!
You die...

..# #.# ..# #.# ..# #.....# #.#
### #.....# #.##.# #.....# #.##.#
### #.....# #.##.# ..# #.....#
#..#.# ..# #.....# ##.#.# ..#
#.....##########.#.### ..#
#......##............) ..#
####.@.##.......#..### ..#
#..W##.......#..# ..#
#...##.......##.### ..#
#...##............. ..#
#...##...........#.
..#############...##.......##..#.
..'...).)....(.................#.
..#######################.#.#..#.
..# #.#.#..#. ..# #.#.#.>## ###
#.#.####


You could see FIQ's ghost.

Vanquished Creatures
  An orc wizard (D:3)
  An iguana (D:3)
  3 gnolls (D:3)
  2 adders
  A worm (D:3)
  3 giant geckos
  2 orcs (D:3)
  5 bats
  2 giant cockroaches
  7 hobgoblins
  12 jackals
  A quokka (D:3)
  2 giant newts
  2 goblins (D:2)
  2 kobolds
  9 rats
55 creatures vanquished.

Notes
Turn   | Place    | Note
--------------------------------------------------------------
     0 | D:1      | FIQ the Demonspawn Monk began the quest for the Orb.
     0 | D:1      | Reached XP level 1. HP: 18/18 MP: 1/1
   309 | D:1      | Gained mutation: You are slightly more attuned to the shadows. [demonic ancestry]
   309 | D:1      | Reached XP level 2. HP: 9/24 MP: 2/2
   632 | D:1      | Reached skill level 1 in Maces & Flails
  1000 | D:2      | Reached XP level 3. HP: 14/29 MP: 3/3
  1591 | D:3      | Gained mutation: You sometimes gain a little power by taking damage. [demonic ancestry]
  1591 | D:3      | Reached XP level 4. HP: 13/36 MP: 4/4
  2439 | D:3      | Reached XP level 5. HP: 15/42 MP: 5/5
  3626 | D:3      | Noticed FIQ's ghost (amateur FoMo)
  3643 | D:3      | HP: 2/42 [FIQ's ghost (3)]
  3645 | D:3      | Mangled by FIQ's ghost

Vault maps used:
D:1:      minmay_arrival_hallway

Action                   |  1- 3 |  4- 6 || total
-------------------------+-------+-------++-------
Melee: Whip              |   165 |   167 ||   332
       Unarmed           |    10 |       ||    10
  Use: Potion            |     8 |     4 ||    12
       Scroll            |       |     5 ||     5
 Stab: Sleeping          |     8 |       ||     8
       Distracted        |       |     3 ||     3
  Eat: Chunk             |     2 |     7 ||     9
